 Dungeon Crawl Stone Soup version 0.30-a0-567-gf7fd966b4a (webtiles) character file.

Game seed: 10503060959298492386

13 tilp the Covered (level 2, -3/26 HPs)
             Began as a Meteoran Fighter on Dec 28, 2022.
             Slain by an orc priest
             ... wielding a +0 hand axe
              (5 damage)
             ... on level 2 of the Dungeon.
             The game lasted 00:01:08 (137 turns).

tilp the Covered (Meteoran Fighter)                  Turns: 137, Time: 00:01:08

Health: -3/26      AC:  9    Str: 17    XL:     2   Next: 70%
Magic:  3/3        EV:  7    Int:  9    God:
Gold:   0          SH:  5    Dex: 13    Spells: 1/1 levels left

rFire   . . .      SeeInvis .    a - +0 long sword
rCold   . . .      Faith    .    c - +0 buckler
rNeg    . . .      Spirit   .    i - +0 chain mail
rPois   .          Reflect  .    (no helmet)
rElec   .          Harm     .    (no cloak)
rCorr   .          Rampage  .    (no gloves)
Will    .....                    (no boots) Stlth
                                 (no amulet)
HPRegen 0.24/turn                (no ring)
MPRegen 0.08/turn                (no ring)

@: glowing
A: sense surroundings 1, otherworldly, glowing, explore regen
a: no special abilities


You were on level 2 of the Dungeon.
You visited 1 branch of the dungeon, and saw 3 of its levels.

Inventory:

Hand Weapons
 a - a +0 long sword (weapon)
 b - a +1 dagger of draining
Missiles
 e - 9 stones (quivered)
Armour
 c - a +0 buckler (worn)
 f - a +0 scale mail
 i - a +0 chain mail (worn)
Scrolls
 g - a scroll of identify {unknown}
 h - a scroll of magic mapping {unknown}
Potions
 d - a potion of might
 j - a potion of haste {unknown}


   Skills:
 + Level 3.3 Fighting
 + Level 2.5 Long Blades
 + Level 3.8 Armour
 * Level 1.3 Dodging
 + Level 0.2 Stealth
 + Level 3.7 Shields


You had one spell level left.
You didn't know any spells.
Your spell library was empty.

Dungeon Overview and Level Annotations

Branches:
Dungeon (3/15) Zot: 1651

Altars:

Annotations:
D:2 Sigmund


Innate Abilities, Weirdness & Mutations

You passively map a small area around you.
You are easily found by Zot.
You glow in the dark.
You regain HP and MP as you explore.


Message History

The goblin shouts!
The kobold shouts!
The orc shouts!
The orc priest shouts!
The orc shouts!
The ball python hisses angrily.
You hear an angry hiss.
Found 11 gold pieces and a club.
Found a stone staircase leading up and a stone staircase leading down.
There is a stone staircase leading up here.
Unknown command.
You closely miss the orc.
A rat comes into view.
You block the orc's attack.
You hit the orc.
The orc is severely wounded.
A ball python comes into view.
You block the orc's attack.
The ball python bites you but does no damage.
The ball python grabs you. The ball python constricts you.
Unknown command.
You escape the ball python's grasp.
The orc hits you but does no damage. The orc hits you with a +0 club.
The goblin hits you but does no damage.
The orc priest hits you with a +0 hand axe.
You climb upwards.
There is a stone staircase leading down here.
Unknown command.
The goblin attacks as you move away! The goblin hits you but does no damage.
Sigmund the Dreaded comes into view.
He is wielding a +0 scythe.
Sigmund shouts!
The orc hits you but does no damage. x2
The orc priest hits you with a +0 hand axe!
The ball python bites you but does no damage.
You block the ball python's attack.
The ball python attacks as you move away!
The ball python bites you but does no damage.
You block the ball python's attack.
The orc priest mumbles some strange prayers to Beogh against you.
Beogh smites you!
Ouch! That really hurt!
* * * LOW HITPOINT WARNING * * *
You block the orc's attack.
The orc priest attacks as you move away!
The orc priest hits you with a +0 hand axe.
You die...

* #.)<.......# *
#.##....#####. ,#
#...........*
*,#.##†#.####** , ,
#. #....## , #.
##.)†.# ,
#.####...### ,,
#...)....o.#######
#.#.......So@...@...
#.........go.#######
###......##### * *
,* #......# , ,*
#......# ** #......#
#......# * * ,
#......# *, #......#


You could see Sigmund, an orc priest, 2 orcs, a goblin and a ball python.

Vanquished Creatures
  A bat (D:2)
  2 endoplasms (D:1)
  A giant cockroach (D:2)
  3 goblins (D:2)
  A quokka (D:1)
  A frilled lizard (D:1)
  A kobold (D:1)
  A rat (D:2)
11 creatures vanquished.

Notes
Turn   | Place    | Note
-------+----------+-------------------------------------------
     0 | D:1      | tilp the Meteoran Fighter began the quest for the Orb.
     0 | D:1      | Reached XP level 1. HP: 19/19 MP: 2/2
    78 | D:1      | Reached XP level 2. HP: 26/26 MP: 3/3
    94 | D:2      | Reached skill level 1 in Dodging
   135 | D:2      | Noticed Sigmund
   137 | D:2      | Slain by an orc priest

Illustrated notes

Levels and vault maps discovered:
D:1:      saegor_arrival_simple_d, layout_loops_corners, minmay_crystal_room
D:2:      layout_basic, basic_altar, serial_glass, glass_columns_a,
          glass_columns_b, uniq_crazy_yiuf_cottage, uniq_robin, uniq_sigmund
D:3:      layout_rooms, chequers_serial_rivers_micro_d,
          hellmonk_guarded_unrand_hermit

Skill      XL: |  1  2 |
---------------+-------+-----
Dodging        | 1 |  1.3
Fighting       | |  3.3
Long Blades    | |  2.5
Armour         | |  3.8
Stealth        | |  0.2
Shields        | |  3.7

Action                   || total
-------------------------++-------
Melee: Long sword        ||    37
Armor: Scale mail        ||    21
       Chain mail        ||     8
Dodge: Dodged            ||    17
Block: Buckler           ||    11

Table legend: (Time is in decaauts)
 A = Elapsed time spent in this place.
 B = Non-inter-level travel time spent in this place.
 C = Inter-level travel time spent in this place.
 D = Time resting spent in this place.
 E = Time spent auto-exploring this place.
 F = Levels seen in this place.
 G = Mean time per level.
                   A        B        C        D        E       F      G
               +--------+--------+--------+--------+--------+-----+--------+
         Total |    148 |    148 |      0 |      0 |      0 |   3 |   49.3 |
       Dungeon |    148 |    148 |      0 |      0 |      0 |   3 |   49.3 |
               +--------+--------+--------+--------+--------+-----+--------+

Top non-repeatable levels by time:
     D:1: 89 daAuts
     D:2: 53 daAuts
     D:3: 4 daAuts
